 Dungeon Crawl Stone Soup version 0.20.0-4-g10b340a (webtiles) character file.

53 Rrauwl the Charlatan (level 4, 35/35 HPs)
             Began as a Human Artificer on May 28, 2017.
             Was a Follower of Kikubaaqudgha.
             Got out of the dungeon alive.
             The game lasted 00:04:46 (977 turns).

Rrauwl the Charlatan (Human Artificer)               Turns: 977, Time: 00:04:47

Health: 35/35      AC:  8    Str: 13    XL:     4   Next: 10%
Magic:  6/6        EV:  6    Int: 12    God:    Kikubaaqudgha [*.....]
Gold:   67         SH:  0    Dex: 13    Spells: 3/3 levels left

rFire    . . .     SeeInvis .   a - +0 hand axe
rCold    . . .     Gourm    .   (no shield)
rNeg     . . .     Faith    .   m - +0 chain mail
rPois    .         Spirit   .   (no helmet)
rElec    .         Reflect  .   (no cloak)
rCorr    .         Harm     .   (no gloves)
MR       .....                  (no boots)
Stlth    ..........             (no amulet)
Regen    0.2/turn               (no ring)
MPRegen  0.1/turn               (no ring)

@: no status effects
A: no striking features
a: Receive Corpses, Renounce Religion


You escaped.
You worshipped Kikubaaqudgha.
Kikubaaqudgha was aware of your devotion.
You were not hungry.

You visited 1 branch of the dungeon, and saw 2 of its levels.

You collected 67 gold pieces.

Inventory:

Hand Weapons
 a - a +0 hand axe (weapon)
 b - a +0 hunting sling
Missiles
 g - 22 bolts
 o - 43 sling bullets
Armour
 m - a +0 chain mail (worn)
Wands
 c - a wand of flame (9/48)
 d - a wand of enslavement (15/24)
 e - a wand of random effects (15/48)
Scrolls
 j - a scroll of magic mapping {unknown}
 k - 2 scrolls of teleportation {unknown}
 l - a scroll of amnesia {unknown}
 p - 4 scrolls of remove curse {unknown}
 q - 2 scrolls of identify
Potions
 h - a potion of might {unknown}
 i - a potion of lignification
Books
 s - Kikubaaqudgha's Reference Book on Unholy Magic
   (Kikubaaqudgha gifted it to you on level 2 of the Dungeon)

   Spells                             Type                      Level
   a - Animate Skeleton               Necromancy                   1
   b - Corpse Rot                     Necromancy                   2
   c - Sublimation of Blood           Necromancy                   2
   d - Regeneration                   Charms/Necromancy            3
   e - Control Undead                 Necromancy                   4
Comestibles
 f - 2 bread rations
 n - 4 fruits
 r - a chunk of flesh


   Skills:
 - Level 3.0 Fighting
   Level 1.0 Short Blades
 + Level 1.7 Axes
 - Level 2.0 Dodging
 - Level 1.0 Stealth
 - Level 3.0 Evocations


You had 3 spell levels left.
You didn't know any spells.

Dungeon Overview and Level Annotations

Branches:
Dungeon (2/15)

Altars:
Kikubaaqudgha
Ru


Message History

You cannot tell which god this altar belongs to.
Convert to them anyway?
Kikubaaqudgha accepts your prayer! Kikubaaqudgha welcomes you!
You can now receive cadavers from Kikubaaqudgha.
You see here Kikubaaqudgha's Reference Book on Unholy Magic.
Kikubaaqudgha grants you a gift! s - Kikubaaqudgha's Reference Book on Unholy Magic
Okay, then.
(D) Dungeon
Where to? (Enter - D:2, ? - help)
What level of the Dungeon? (default 1, ? - help)
You see here a ring mail.
There is a stone staircase leading up here.
You climb upwards.
There is a stone staircase leading down here.
You open the door.
There is an open door here.
There is a staircase leading out of the dungeon here.
Are you sure you want to leave the Dungeon?
This will make you lose the game!
You have escaped!

......#.....+...........'........
......#..##.#...........###.#####
......#.....#...........###+#####
......#.#####...........##......#
......#.# #...........##......#
#..####.############..####......#
#.)÷....'....♣P#P####.# #......#
##'######≈≈≈..♣P#.♣ #.# ##...)..#
.......###≈8....@♣# #.# #........
........#≈≈≈..♣P#.♣##.# #........
........'....♣P#P###..# #........
.......#############.## #........
##.##### #..# #........ ##'##
#.## #........ ....#
###)#####........ ....#
#...........##### ....#
#................


There were no monsters in sight!

Vanquished Creatures
  An adder (D:1)
  2 dart slugs
  A leopard gecko (D:2)
  4 goblins
  6 hobgoblins
  A jackal (D:1)
  9 bats
  14 frilled lizards
  A kobold (D:1)
  3 rats (D:1)
42 creatures vanquished.

Notes
Turn   | Place    | Note
-------+----------+-------------------------------------------
     0 | D:1      | Rrauwl the Human Artificer began the quest for the Orb.
     0 | D:1      | Reached XP level 1. HP: 15/15 MP: 3/3
    77 | D:1      | Reached XP level 2. HP: 16/22 MP: 4/4
   514 | D:1      | Reached XP level 3. HP: 28/28 MP: 5/5
   602 | D:1      | Reached skill level 1 in Axes
   713 | D:2      | Found a sacrificial altar of Ru.
   876 | D:2      | Reached XP level 4. HP: 34/35 MP: 6/6
   891 | D:2      | Found a faded altar of an unknown god.
   916 | D:2      | Became a worshipper of Kikubaaqudgha
   916 | D:2      | Reached * piety under Kikubaaqudgha
   916 | D:2      | Identified Kikubaaqudgha's Reference Book on Unholy Magic (Kikubaaqudgha gifted it to you on level 2 of the Dungeon)
   916 | D:2      | Received a gift from Kikubaaqudgha
   977 | D:$      | Got out of the dungeon alive.

Skill      XL: |  1  2  3 |
---------------+----------+-----
Fighting       | 2 3 |  3.0
Axes           | 1 |  1.7
Short Blades   | |  1.0
Dodging        | |  2.0
Stealth        | |  1.0
Evocations     | |  3.0

Action                   |  1- 3 |  4- 6 || total
-------------------------+-------+-------++-------
Melee: Short sword       |    46 |       ||    46
       Hand axe          |    43 |     5 ||    48
 Fire: Hunting sling     |    38 |       ||    38
Evoke: Wand              |     6 |       ||     6
  Use: Scroll            |     1 |       ||     1
Armor: Leather armour    |    12 |       ||    12
       Scale mail        |    14 |       ||    14
       Chain mail        |    26 |     7 ||    33
Dodge: Dodged            |    70 |     4 ||    74
